3AAA
HOUSTON BC @ HAMILTON COYOTES
07/09/2031
 
TOP OF THE 1ST
Houston BC batting - Pitching for Hamilton Coyotes : LHP José Sipe
Pitching: LHP José Sipe
Batting: RHB Orlando Montejo 0-0: Ball
1-0: Foul Ball, location: 2F
1-1: Ball
2-1: Ball
3-1: Base on Balls
Batting: SHB Scotty Vallee 0-0: Ball
1-0: Foul Ball, location: 2F
1-1: Ball
2-1: Called Strike
2-2: SINGLE (Line Drive, 56D)
Orlando Montejo to second
Batting: RHB António López 0-0: Ball
1-0: Called Strike
1-1: Ball
2-1: SINGLE (Groundball, 4MD)
Orlando Montejo to third
Scotty Vallee to second
Batting: RHB Robby Arnold 0-0: Called Strike
0-1: Foul Ball, location: 2F
0-2: Strikes out swinging
Batting: RHB Phil Dougherty 0-0: Ball
1-0: Ball
2-0: Swinging Strike
2-1: Ball
3-1: Base on Balls
Orlando Montejo scores
Scotty Vallee to third
António López to second
Batting: RHB Alba Hidalgo de Jesus 0-0: Called Strike
0-1: Ball
1-1: Ball
2-1: Foul Ball, location: 2F
2-2: Fly out, F6 (Line Drive, 56)
Lined into DP, 6-4 (Line Drive, 56)
Top of the 1st over - 1 run, 2 hits, 0 errors, 2 left on base; Houston 1 - Hamilton 0
BOTTOM OF THE 1ST
Hamilton Coyotes batting - Pitching for Houston BC : RHP Bobby Roode
Pitching: RHP Bobby Roode
Batting: LHB Ken Stroud 0-0: SOLO HOME RUN (Line Drive, 9D), Distance : 345 ft
Batting: RHB Duane Wills 0-0: Ball
1-0: Foul Ball, location: 2F
1-1: Ball
2-1: Foul Ball, location: 2F
2-2: Strikes out swinging
Batting: RHB Raleigh Delaney 0-0: Ground out 5-3 (Groundball, 5)
Batting: LHB José Gómez 0-0: Swinging Strike
0-1: Ball
1-1: Ball
2-1: Foul Ball, location: 2F
2-2: Foul Ball, location: 2F
2-2: Foul Ball, location: 2F
2-2: Ball
3-2: Foul Ball, location: 2F
3-2: Base on Balls
Batting: RHB Noel Wells 0-0: Called Strike
0-1: Called Strike
0-2: Foul Ball, location: 2F
0-2: Strikes out swinging
Bottom of the 1st over - 1 run, 1 hit, 0 errors, 1 left on base; Houston 1 - Hamilton 1
TOP OF THE 2ND
Houston BC batting - Pitching for Hamilton Coyotes : LHP José Sipe
Batting: LHB Earl Wiley 0-0: Ball
1-0: Swinging Strike
1-1: Ball
2-1: Ball
3-1: Base on Balls
Batting: RHB Noël Sassetti 0-0: Ball
1-0: Ball
Earl Wiley steals 2nd base
2-0: Foul Ball, location: 2F
2-1: Called Strike
2-2: Strikes out looking
Batting: RHB George Zeek 0-0: Ball
Passed Ball!
Earl Wiley to third
1-0: Ball
2-0: Ball
3-0: Base on Balls
Batting: RHB Orlando Montejo 0-0: Foul Ball, location: 2F
0-1: Ball
1-1: Ball
2-1: Called Strike
2-2: Fielders Choice at 2nd, 5-4 (Groundball, 56)
Earl Wiley scores
Batting: SHB Scotty Vallee 0-0: SINGLE (Groundball, 3S) (infield hit)
Orlando Montejo to second
Batting: RHB António López 0-0: Foul Ball, location: 2F
0-1: Foul Ball, location: 2F
0-2: Strikes out looking
Top of the 2nd over - 1 run, 1 hit, 0 errors, 2 left on base; Houston 2 - Hamilton 1
BOTTOM OF THE 2ND
Hamilton Coyotes batting - Pitching for Houston BC : RHP Bobby Roode
Batting: RHB Markus Thompson 0-0: Fly out, F3 (Popup, 3S)
Batting: RHB Warren Martin 0-0: Ball
1-0: Ball
2-0: Ground out 4-3 (Groundball, 4)
Batting: RHB Jesús Soto 0-0: Ball
1-0: Ball
2-0: Foul Ball, location: 2F
2-1: Swinging Strike
2-2: Foul Ball, location: 2F
2-2: SINGLE (Line Drive, 56)
Batting: LHB Tony Rodríguez 0-0: Ball
1-0: Ball
2-0: Ball
3-0: Called Strike
3-1: Fly out, F2 (Popup, 2R)
Bottom of the 2nd over - 0 runs, 1 hit, 0 errors, 1 left on base; Houston 2 - Hamilton 1
TOP OF THE 3RD
Houston BC batting - Pitching for Hamilton Coyotes : LHP José Sipe
Batting: RHB Robby Arnold 0-0: Ball
1-0: Called Strike
1-1: Called Strike
1-2: Ball
2-2: Foul Ball, location: 2F
2-2: Foul Ball, location: 2F
2-2: SINGLE (Groundball, 6MD)
Batting: RHB Phil Dougherty 0-0: Ball
1-0: Ball
2-0: Called Strike
2-1: SINGLE (Line Drive, 9S)
Robby Arnold to second
Batting: RHB Alba Hidalgo de Jesus 0-0: Ball
1-0: SINGLE (Groundball, 4MD)
Robby Arnold to third
Phil Dougherty to second
Runner from 3rd tries for Home, SAFE, throw made home
Batting: LHB Earl Wiley 0-0: SINGLE (Line Drive, 9S)
Phil Dougherty to third
Alba Hidalgo de Jesus to second
Runner from 3rd tries for Home, SAFE, no throw
Batting: RHB Noël Sassetti 0-0: Ball
1-0: Foul Ball, location: 2F
1-1: Grounds into double play, 6-4-3 (Groundball, 6)
Alba Hidalgo de Jesus to third
Batting: RHB George Zeek 0-0: Ball
1-0: Swinging Strike
1-1: Swinging Strike
1-2: Ball
2-2: Foul Ball, location: 2F
2-2: Ball
3-2: Base on Balls
Batting: RHB Orlando Montejo 0-0: Ball
1-0: Fly out, F7 (Flyball, 7S)
Top of the 3rd over - 2 runs, 4 hits, 0 errors, 2 left on base; Houston 4 - Hamilton 1
BOTTOM OF THE 3RD
Hamilton Coyotes batting - Pitching for Houston BC : RHP Bobby Roode
Batting: LHB Ken Stroud 0-0: Ball
1-0: Called Strike
1-1: Foul Ball, location: 2F
1-2: Strikes out looking
Batting: RHB Duane Wills 0-0: Called Strike
0-1: Foul Ball, location: 2F
0-2: Ball
1-2: Ball
2-2: Foul Ball, location: 2F
2-2: Ground out 6-3 (Groundball, 6)
Batting: RHB Raleigh Delaney 0-0: Foul Ball, location: 2F
0-1: Called Strike
0-2: Foul Ball, location: 2F
0-2: Fly out, F7 (Flyball, 7S)
Bottom of the 3rd over - 0 runs, 0 hits, 0 errors, 0 left on base; Houston 4 - Hamilton 1
TOP OF THE 4TH
Houston BC batting - Pitching for Hamilton Coyotes : LHP José Sipe
Pitching: RHP Norberto Flores
Batting: SHB Scotty Vallee 0-0: Ground out 4-3 (Groundball, 4)
Batting: RHB António López 0-0: Called Strike
0-1: SINGLE (Flyball, 78S)
Batting: RHB Robby Arnold 0-0: Called Strike
0-1: Ball
1-1: Ball
2-1: Foul Ball, location: 2F
2-2: Ball
3-2: Foul Ball, location: 2F
3-2: Base on Balls
António López to second
Batting: RHB Phil Dougherty 0-0: Called Strike
0-1: Ball
1-1: Called Strike
1-2: Ball
2-2: Grounds into double play, 6-4-3 (Groundball, 6)
Top of the 4th over - 0 runs, 1 hit, 0 errors, 1 left on base; Houston 4 - Hamilton 1
BOTTOM OF THE 4TH
Hamilton Coyotes batting - Pitching for Houston BC : RHP Bobby Roode
Batting: LHB José Gómez 0-0: Fly out, F8 (Flyball, 8LXD)
Batting: RHB Noel Wells 0-0: Ball
1-0: Ball
2-0: Ball
3-0: Called Strike
3-1: Foul Ball, location: 2F
3-2: SINGLE (Groundball, 56S) (infield hit)
Batting: RHB Markus Thompson 0-0: Ball
1-0: Foul Ball, location: 2F
1-1: Ball
2-1: Foul Ball, location: 2F
2-2: Ball
3-2: Strikes out swinging
Batting: RHB Warren Martin 0-0: Ball
1-0: Ball
2-0: Foul Ball, location: 2F
2-1: Foul Ball, location: 2F
2-2: Strikes out swinging
Bottom of the 4th over - 0 runs, 1 hit, 0 errors, 1 left on base; Houston 4 - Hamilton 1
TOP OF THE 5TH
Houston BC batting - Pitching for Hamilton Coyotes : RHP Norberto Flores
Batting: RHB Alba Hidalgo de Jesus 0-0: Ball
1-0: Called Strike
1-1: Ball
2-1: Ball
3-1: Base on Balls
Batting: LHB Earl Wiley 0-0: Bunted foul
0-1: Ball
1-1: Bunted foul
1-2: SINGLE (Flyball, 78M)
Alba Hidalgo de Jesus to second
Batting: RHB Noël Sassetti 0-0: Called Strike
0-1: Sac Bunt - play at first, batter OUT! 1-3
Alba Hidalgo de Jesus to third
Earl Wiley to second
Batting: RHB George Zeek 0-0: Ball
1-0: Ball
2-0: Called Strike
2-1: Foul Ball, location: 2F
2-2: Ball
3-2: SINGLE (Line Drive, 7S)
Alba Hidalgo de Jesus scores
Earl Wiley to third
Runner from 3rd tries for Home, SAFE, throw made home
George Zeek to second
Batting: RHB Orlando Montejo 0-0: Ball
1-0: Ball
2-0: SINGLE (Groundball, 6MD)
George Zeek to third
Runner from 3rd tries for Home, SAFE, no throw
Batting: SHB Scotty Vallee 0-0: Foul Ball, location: 2F
0-1: Hit by Pitch
Orlando Montejo to second
Batting: RHB António López 0-0: Ball
1-0: Foul Ball, location: 2F
1-1: Ball
2-1: Foul Ball, location: 2F
2-2: Foul Ball, location: 2F
2-2: Fly out, F8 (Flyball, 8LM)
Batting: RHB Robby Arnold 0-0: Called Strike
0-1: Fielders Choice at 2nd, 6-4 (Groundball, 6)
Top of the 5th over - 3 runs, 3 hits, 0 errors, 2 left on base; Houston 7 - Hamilton 1
BOTTOM OF THE 5TH
Hamilton Coyotes batting - Pitching for Houston BC : RHP Bobby Roode
Batting: RHB Jesús Soto 0-0: Foul Ball, location: 2F
0-1: Ball
1-1: Ground out 4-3 (Groundball, 4)
Batting: LHB Tony Rodríguez 0-0: Ball
1-0: Called Strike
1-1: Called Strike
1-2: Ball
2-2: Foul Ball, location: 2F
2-2: Ball
3-2: Base on Balls
Batting: LHB Ken Stroud 0-0: Called Strike
Tony Rodríguez steals 2nd base
0-1: Foul Ball, location: 2F
0-2: Foul Ball, location: 2F
0-2: Ball
1-2: Ball
2-2: Strikes out looking
Batting: RHB Duane Wills 0-0: Called Strike
0-1: Ball
1-1: SINGLE (Flyball, 5D)
Tony Rodríguez to third
Runner from 3rd tries for Home, SAFE, no throw
Batting: RHB Raleigh Delaney 0-0: Ball
1-0: Ball
2-0: Called Strike
Duane Wills steals 2nd base
2-1: Ball
3-1: Base on Balls
Batting: LHB José Gómez 0-0: Called Strike
0-1: Ground out 6-3 (Groundball, 6M)
Bottom of the 5th over - 1 run, 1 hit, 0 errors, 2 left on base; Houston 7 - Hamilton 2
TOP OF THE 6TH
Houston BC batting - Pitching for Hamilton Coyotes : RHP Norberto Flores
Batting: RHB Phil Dougherty 0-0: Ball
1-0: Reached on error, E4 (Groundball, 4)
Batting: RHB Alba Hidalgo de Jesus 0-0: Ball
1-0: Grounds into double play, 4-6-3 (Groundball, 4)
Batting: LHB Earl Wiley 0-0: Foul Ball, location: 2F
0-1: Ball
1-1: Foul Ball, location: 2F
1-2: Ball
2-2: Ball
3-2: Fly out, F8 (Flyball, 8LD)
Top of the 6th over - 0 runs, 0 hits, 1 error, 0 left on base; Houston 7 - Hamilton 2
BOTTOM OF THE 6TH
Hamilton Coyotes batting - Pitching for Houston BC : RHP Bobby Roode
Batting: RHB Noel Wells 0-0: Ball
1-0: Foul Ball, location: 2F
1-1: Swinging Strike
1-2: Foul Ball, location: 2F
1-2: Strikes out swinging
Batting: RHB Markus Thompson 0-0: Foul Ball, location: 2F
0-1: Ball
1-1: Ball
2-1: Called Strike
2-2: Ground out 6-3 (Groundball, 6)
Batting: RHB Warren Martin 0-0: Foul Ball, location: 2F
0-1: Ball
1-1: Fly out, F4 (Line Drive, 4MD)
Bottom of the 6th over - 0 runs, 0 hits, 0 errors, 0 left on base; Houston 7 - Hamilton 2
TOP OF THE 7TH
Houston BC batting - Pitching for Hamilton Coyotes : RHP Norberto Flores
Batting: RHB Noël Sassetti 0-0: Foul Ball, location: 2F
0-1: Swinging Strike
0-2: Ball
1-2: Foul Ball, location: 2F
1-2: Ball
2-2: Strikes out swinging
Batting: RHB George Zeek 0-0: Called Strike
0-1: Ball
1-1: Fly out, F9 (Line Drive, 9)
Batting: RHB Orlando Montejo 0-0: Called Strike
0-1: Ground out 6-3 (Groundball, 6)
Top of the 7th over - 0 runs, 0 hits, 0 errors, 0 left on base; Houston 7 - Hamilton 2
BOTTOM OF THE 7TH
Hamilton Coyotes batting - Pitching for Houston BC : RHP Bobby Roode
Batting: RHB Jesús Soto 0-0: Swinging Strike
0-1: Ball
1-1: Swinging Strike
1-2: Foul Ball, location: 2F
1-2: Ball
2-2: Foul Ball, location: 2F
2-2: Ball
3-2: Foul Ball, location: 2F
3-2: Base on Balls
Batting: LHB Tony Rodríguez 0-0: Foul Ball, location: 2F
0-1: Fly out, F7 (Flyball, 7S)
Pitching: LHP Miguel Jiménez
Batting: LHB Ken Stroud 0-0: Ball
1-0: Swinging Strike
1-1: Ball
2-1: Foul Ball, location: 2F
2-2: Ball
3-2: SINGLE (Flyball, 7S)
Jesús Soto to second
Batting: RHB Duane Wills 0-0: Ball
1-0: Ball
2-0: SINGLE (Groundball, 34D)
Jesús Soto to third
Ken Stroud to second
Batting: RHB Raleigh Delaney 0-0: Ball
1-0: Ground out 5-3 (Groundball, 56S)
Jesús Soto scores
Ken Stroud to third
Duane Wills to second
Batting: LHB José Gómez 0-0: Called Strike
0-1: Foul Ball, location: 2F
0-2: Fly out, F8 (Flyball, 89D)
Bottom of the 7th over - 1 run, 2 hits, 0 errors, 2 left on base; Houston 7 - Hamilton 3
TOP OF THE 8TH
Houston BC batting - Pitching for Hamilton Coyotes : RHP Norberto Flores
Pitching: RHP Errol Lange
Batting: SHB Scotty Vallee 0-0: Called Strike
0-1: Ball
1-1: Fly out, F4 (Line Drive, 4)
Batting: RHB António López 0-0: Called Strike
0-1: Ball
1-1: Ball
2-1: Ball
3-1: Base on Balls
Batting: RHB Robby Arnold 0-0: Foul Ball, location: 2F
0-1: Ball
1-1: Fly out, F6 (Line Drive, 6)
Batting: RHB Phil Dougherty 0-0: Ball
1-0: Foul Ball, location: 2F
1-1: Called Strike
1-2: Foul Ball, location: 2F
1-2: Ball
2-2: Foul Ball, location: 2F
2-2: Ball
3-2: Ground out 6-3 (Groundball, 6)
Top of the 8th over - 0 runs, 0 hits, 0 errors, 1 left on base; Houston 7 - Hamilton 3
BOTTOM OF THE 8TH
Hamilton Coyotes batting - Pitching for Houston BC : LHP Miguel Jiménez
Batting: RHB Noel Wells 0-0: Called Strike
0-1: Ball
1-1: Foul Ball, location: 2F
1-2: Fly out, F8 (Flyball, 8LXD)
Batting: RHB Markus Thompson 0-0: Ball
1-0: Ball
2-0: Called Strike
2-1: SINGLE (Groundball, 4D)
Batting: RHB Warren Martin 0-0: Called Strike
0-1: Ball
1-1: Ball
2-1: Ball
3-1: Base on Balls
Markus Thompson to second
Batting: RHB Jesús Soto 0-0: Called Strike
0-1: Ball
1-1: Fly out, F9 (Flyball, 89M)
Batting: LHB Tony Rodríguez 0-0: Called Strike
0-1: Ball
1-1: SINGLE (Line Drive, 78S)
Markus Thompson to third
Warren Martin to second
Batting: LHB Ken Stroud 0-0: Ball
1-0: Foul Ball, location: 2F
1-1: Reached on error, E5 (Groundball, 5)
Markus Thompson scores
Warren Martin to third
Tony Rodríguez to second
Pitching: RHP Jeffery Prosser
Batting: RHB Duane Wills 0-0: Ball
1-0: Called Strike
1-1: Called Strike
1-2: SINGLE (Groundball, 34D)
Warren Martin scores
Tony Rodríguez to third
Ken Stroud to second
Runner from 3rd tries for Home, SAFE, no throw
Batting: RHB Raleigh Delaney 0-0: Swinging Strike
0-1: Swinging Strike
0-2: Ball
1-2: Strikes out looking
Bottom of the 8th over - 3 runs, 3 hits, 1 error, 2 left on base; Houston 7 - Hamilton 6
TOP OF THE 9TH
Houston BC batting - Pitching for Hamilton Coyotes : RHP Errol Lange
Pitching: RHP Santiago Paez
Batting: RHB Alba Hidalgo de Jesus 0-0: Ball
1-0: Ground out 3-1 (Groundball, 34)
Batting: LHB Earl Wiley 0-0: Ball
1-0: Ball
2-0: Called Strike
2-1: Foul Ball, location: 2F
2-2: Foul Ball, location: 2F
2-2: Strikes out swinging
Batting: RHB Noël Sassetti 0-0: Ball
1-0: Called Strike
1-1: Ball
2-1: Fly out, F7 (Flyball, 7S)
Top of the 9th over - 0 runs, 0 hits, 0 errors, 0 left on base; Houston 7 - Hamilton 6
BOTTOM OF THE 9TH
Hamilton Coyotes batting - Pitching for Houston BC : RHP Jeffery Prosser
Pitching: RHP Corbin Holling
Batting: LHB José Gómez 0-0: Foul Ball, location: 2F
0-1: SINGLE (Flyball, 89S)
Pinch Hitting: LHB Mike Gardner 0-0: Called Strike
0-1: Ball
1-1: Foul Ball, location: 2F
1-2: Foul Ball, location: 2F
1-2: Fly out, F7 (Flyball, 7D)
Batting: RHB Markus Thompson 0-0: Ball
1-0: Ball
2-0: Called Strike
2-1: Ball
3-1: Swinging Strike
3-2: Fly out, F8 (Flyball, 8RXD)
Pinch Hitting: LHB Tommy Sullivan 0-0: Ball
1-0: Foul Ball, location: 2F
1-1: Ball
2-1: Ball
3-1: Foul Ball, location: 2F
3-2: Foul Ball, location: 2F
3-2: Base on Balls
José Gómez to second
Pitching: LHP Jamie Scott
Batting: RHB Jesús Soto 0-0: Called Strike
0-1: Foul Ball, location: 2F
0-2: Ball
1-2: SINGLE (Flyball, 3D)
José Gómez to third
Tommy Sullivan to second
Throwing error, E9
José Gómez scores
Tommy Sullivan to third
Jesús Soto to second
Batting: LHB Tony Rodríguez 0-0: Ball
1-0: Ball
2-0: Ball
3-0: Called Strike
3-1: Called Strike
3-2: Ground out 3-1 (Groundball, 34S)
Bottom of the 9th over - 1 run, 2 hits, 1 error, 2 left on base; Houston 7 - Hamilton 7
TOP OF THE 10TH
Houston BC batting - Pitching for Hamilton Coyotes : RHP Santiago Paez
Now at C: Brandon Carroll
Now in LF: Tommy Sullivan
Batting: RHB George Zeek 0-0: Called Strike
0-1: Ball
1-1: Swinging Strike
1-2: Strikes out swinging
Batting: RHB Orlando Montejo 0-0: Ball
1-0: Called Strike
1-1: Ball
2-1: Called Strike
2-2: Strikes out swinging
Pinch Hitting: LHB Dawit Lihalakha 0-0: Ball
1-0: Foul Ball, location: 2F
1-1: Ball
2-1: SINGLE (Groundball, 34S) (infield hit)
Batting: RHB António López 0-0: Called Strike
0-1: Ball
1-1: Foul Ball, location: 2F
1-2: Ball
2-2: Foul Ball, location: 2F
2-2: Strikes out swinging
Top of the 10th over - 0 runs, 1 hit, 0 errors, 1 left on base; Houston 7 - Hamilton 7
BOTTOM OF THE 10TH
Hamilton Coyotes batting - Pitching for Houston BC : LHP Jamie Scott
Now at 1B: Dawit Lihalakha
Batting: LHB Ken Stroud 0-0: Ball
1-0: Ball
2-0: Ground out 1-3 (Groundball, 13S)
Batting: RHB Duane Wills 0-0: Fly out, F7 (Flyball, 78D)
Batting: RHB Raleigh Delaney 0-0: Ball
1-0: Ground out 6-3 (Groundball, 6)
Bottom of the 10th over - 0 runs, 0 hits, 0 errors, 0 left on base; Houston 7 - Hamilton 7
TOP OF THE 11TH
Houston BC batting - Pitching for Hamilton Coyotes : RHP Santiago Paez
Pitching: RHP Rafael Peralta
Batting: RHB Robby Arnold 0-0: Ball
1-0: Foul Ball, location: 2F
1-1: Ground out 5-3 (Groundball, 5S)
Batting: RHB Phil Dougherty 0-0: Called Strike
0-1: Ball
1-1: Fly out, F7 (Flyball, 7D)
Batting: RHB Alba Hidalgo de Jesus 0-0: Ball
1-0: Fly out, F7 (Flyball, 78D)
Top of the 11th over - 0 runs, 0 hits, 0 errors, 0 left on base; Houston 7 - Hamilton 7
BOTTOM OF THE 11TH
Hamilton Coyotes batting - Pitching for Houston BC : LHP Jamie Scott
Batting: LHB José Gómez 0-0: Called Strike
0-1: Called Strike
0-2: Ball
1-2: Fly out, F9 (Line Drive, 9)
Batting: RHB Brandon Carroll 0-0: Ball
1-0: Foul Ball, location: 2F
1-1: Ball
2-1: Swinging Strike
2-2: Ball
3-2: Foul Ball, location: 2F
3-2: Foul Ball, location: 2F
3-2: Ground out 6-3 (Groundball, 6S)
Batting: RHB Markus Thompson 0-0: Called Strike
0-1: Foul Ball, location: 2F
0-2: Strikes out swinging
Bottom of the 11th over - 0 runs, 0 hits, 0 errors, 0 left on base; Houston 7 - Hamilton 7
TOP OF THE 12TH
Houston BC batting - Pitching for Hamilton Coyotes : RHP Rafael Peralta
Batting: LHB Earl Wiley 0-0: Called Strike
0-1: Ball
1-1: Ball
2-1: Called Strike
2-2: Foul Ball, location: 2F
2-2: Fly out, F1 (Line Drive, 15S)
Batting: RHB Noël Sassetti 0-0: Called Strike
0-1: Called Strike
0-2: Ball
1-2: Foul Ball, location: 2F
1-2: Ball
2-2: Strikes out swinging
Batting: RHB George Zeek 0-0: Swinging Strike
0-1: Ball
1-1: Ball
2-1: Ground out 6-3 (Groundball, 6)
Top of the 12th over - 0 runs, 0 hits, 0 errors, 0 left on base; Houston 7 - Hamilton 7
BOTTOM OF THE 12TH
Hamilton Coyotes batting - Pitching for Houston BC : LHP Jamie Scott
Pitching: RHP Pepe Delgado
Batting: LHB Tommy Sullivan 0-0: Ball
1-0: Ball
2-0: Ball
3-0: Called Strike
3-1: Base on Balls
Batting: RHB Jesús Soto 0-0: Ball
1-0: Ball
Tommy Sullivan steals 2nd base
2-0: Foul Ball, location: 2F
2-1: Ball
3-1: Called Strike
3-2: Foul Ball, location: 2F
3-2: SINGLE (Groundball, 56D)
Tommy Sullivan to third
Runner from 3rd tries for Home, SAFE, no throw
Tuesday, June 12th, 2018 - OOTP Baseball 18.8 Build 76